 Dungeon Crawl Stone Soup version 0.30-a0-141-g30f27751c5 (webtiles) character file.

Game seed: 3492007777699360251

49 qw the Chopper (level 3, -6/23 HPs)
             Began as a Gargoyle Fighter on Sept 25, 2022.
             Mangled by Sigmund
             ... wielding a +0 scythe
              (9 damage)
             ... on level 2 of the Dungeon.
             The game lasted 00:00:32 (1264 turns).

qw the Chopper (Gargoyle Fighter)                   Turns: 1264, Time: 00:00:32

Health: -6/23      AC: 10    Str: 21    XL:     3   Next: 75%
Magic:  3/3        EV:  9    Int:  8    God:
Gold:   19         SH:  4    Dex:  9    Spells: 2/2 levels left

rFire   . . .      SeeInvis .    Y - +1 war axe
rCold   . . .      Faith    .    c - +0 buckler
rNeg    + . .      Spirit   .    b - +0 scale mail
rPois   inf        Reflect  .    (no helmet)
rElec   +          Harm     .    (no cloak)
rCorr   .          Rampage  .    (no gloves)
Will    .....                    (no boots)
Stlth   ..........               (no amulet)
HPRegen 0.07/turn                (no ring)
MPRegen 0.08/turn                (no ring)

@: no status effects
A: sickness immunity, AC +3, negative energy resistance 1, electricity
resistance, torment resistance 1, petrification resistance
a: no special abilities


You were on level 2 of the Dungeon.
You visited 1 branch of the dungeon, and saw 2 of its levels.

You collected 19 gold pieces.


Innate Abilities, Weirdness & Mutations

You are immune to sickness and miasma.
Your stone body is resilient. (AC +3)
You are immune to poison.
You resist negative energy. (rN+)
You are resistant to electric shocks. (rElec)
You are resistant to unholy torment.
You are immune to petrification.


   Skills:
 - Level 3.2 Fighting
 + Level 3.6 Axes
 - Level 3.2 Armour
 - Level 3.2 Shields


You had 2 spell levels left.
You didn't know any spells.
Your spell library was empty.

Inventory:

Hand Weapons
 g - a +0 club
 Y - a +1 war axe (weapon)
Armour
 b - a +0 scale mail (worn)
 c - a +0 buckler (worn)
Scrolls
 a - a scroll of fog {unknown}
 e - a scroll of identify {unknown}
 f - a scroll of silence {unknown}
 i - a scroll of enchant armour
Potions
 d - a potion of might
 h - 2 potions of heal wounds {unknown}

Dungeon Overview and Level Annotations

Branches:
Dungeon (2/15)

Altars:

Annotations:
D:2 Sigmund


Message History

You see here a scroll labelled ZUPHEIMUZU.
Sigmund zaps a wand.
The roots erupt in riotous growth!
The grasping roots grab you! The grasping roots constrict you.
You hear an angry hiss.
You hear a shout! x2
You escape the roots grasp.
Sigmund gestures at you while chanting.
You are confused.
An adder comes into view.
An endoplasm comes into view.
Sigmund laughs darkly.
Sigmund zaps a wand.
The roots erupt in riotous growth!
The grasping roots grab you!
Sigmund is unaffected.
The grasping roots constrict you.
You hear a shout!
You escape the roots grasp.
Sigmund zaps a wand.
The roots erupt in riotous growth!
The grasping roots grab you!
Sigmund is unaffected.
The grasping roots constrict you.
You bump into the rock wall.
Sigmund closely misses you. The grasping roots constrict you.
You barely miss Sigmund.
Sigmund casts a spell.
Sigmund flickers and vanishes!
Deactivating autopickup; reactivate with Ctrl-A.
You are constricted.
You slash the adder!
You kill the adder!
You closely miss something.
You hear some strange, mumbled words.
A magic dart appears from out of thin air!
The magic dart hits you but does no damage.
You are constricted.
Something hits you but does no damage.
You are constricted.
The grasping roots release their grip on you.
You bump into the rock wall.
You feel less confused.
A worm comes into view.
You hit the endoplasm but do no damage. You closely miss something.
The endoplasm completely misses you. Something hits you!
You die...

....# ###..# .. ##.## #.
##...######... ##.# ###.#
###......)...... ...# #....
......#.###...... ##.#.#
###....####..##.## .#....
#..#.###..##..<......#...##.# ...
#.##.>...... .....#..#...#..#....
............ #.#................
.............##.@.?..#........###
...........#...{J.........>...#
....).........................#
...%.........##..#............#
...<........ #................#
....>.........................#
..>#...........w###...###.....#
...........####. ..#..##......
.........##. .. ....#


You could see a worm and an endoplasm.

Vanquished Creatures
  An adder (D:2)
  A dart slug (D:2)
  7 endoplasms
  A giant cockroach (D:1)
  A goblin (D:2)
  2 hobgoblins
  2 quokkas
  A ball python (D:1)
  A bat (D:2)
  9 frilled lizards
  7 kobolds (D:1)
  6 rats (D:1)
39 creatures vanquished.

Vanquished Creatures (others)
  4 plants (D:2)
4 creatures vanquished.

Grand Total: 43 creatures vanquished

Notes
Turn   | Place    | Note
-------+----------+-------------------------------------------
     0 | D:1      | qw the Gargoyle Fighter began the quest for the Orb.
     0 | D:1      | Reached XP level 1. HP: 14/14 MP: 1/1
     0 | D:1      | 0 ||| qw: Version: 0.2-a-10-g399e6c4
     0 | D:1      | 0 ||| qw: Game counter: 141
     0 | D:1      | 0 ||| qw: Always use a shield: true
     0 | D:1      | 0 ||| qw: God list: Okawaru
     0 | D:1      | 0 ||| qw: Allow faded altars: false
     0 | D:1      | 0 ||| qw: Do Orc after D:15 true
     0 | D:1      | 0 ||| qw: Do second Lair branch before Depths: true
     0 | D:1      | 0 ||| qw: Lair rune preference: random
     0 | D:1      | 0 ||| qw: Plans: Normal, Zot:1-4, God:TSO, Crypt, Tomb,
                  | Pan, Slime:5, Hells, Abyss, Orb
     0 | D:1      | 0 ||| PLANNING D:1-11
    73 | D:1      | 73 ||| Stepping ~*~*~tactically~*~*~ (stealth).
    74 | D:1      | 74 ||| Stepping ~*~*~tactically~*~*~ (stealth).
    75 | D:1      | 75 ||| Stepping ~*~*~tactically~*~*~ (stealth).
   126 | D:1      | Reached XP level 2. HP: 19/19 MP: 2/2
   679 | D:1      | Found a faded altar of an unknown god.
   915 | D:1      | Reached skill level 3 in Axes
  1039 | D:1      | 1039 ||| READING scroll labelled LISOCR UZIO.
  1040 | D:1      | 1040 ||| READING scroll labelled HEOCLE BIYRIMP.
  1041 | D:1      | 1041 ||| READING 2 scrolls labelled GUASAXI HIDUR.
  1066 | D:2      | Reached XP level 3. HP: 21/23 MP: 3/3
  1163 | D:2      | 1163 ||| Stepping ~*~*~tactically~*~*~ (stealth).
  1253 | D:2      | Noticed Sigmund
  1262 | D:2      | HP: 2/23 [something (6)]
  1264 | D:2      | Mangled by Sigmund

Levels and vault maps discovered:
D:1:      lemuel_arrival_hallway, layout_loops_ring,
          ebering_ecumenical_altar_sacrificial
D:2:      layout_rooms, minmay_lizard_king, uniq_sigmund

Skill      XL: |  1  2 |
---------------+-------+-----
Axes           | 2 3 |  3.6
Fighting       | |  3.2
Armour         | |  3.2
Shields        | |  3.2

Action                   || total
-------------------------++-------
Melee: War axe           ||    82
  Use: Scroll            ||     3
Armor: Scale mail        ||    30
Dodge: Dodged            ||    28
Block: Buckler           ||     4

Table legend:
 A = Non-vault XP
 B = Vault XP
 C = Vault XP percentage of total XP
 D = Non-vault monster count
 E = Vault monster count
 F = Vault count percentage of total count
                 A         B        C        D         E       F
            +---------+---------+-------+---------+---------+-------
      Total |      66 |       4 |   5.7 |      35 |       4 |  10.3
            +---------+---------+-------+---------+---------+-------
        D:1 |      31 |       0 |   0.0 |      22 |       0 |   0.0
        D:2 |      35 |       4 |  10.3 |      13 |       4 |  23.5
            +---------+---------+-------+---------+---------+-------
